 Dungeon Crawl Stone Soup version 0.28-a0-793-g31680bbd8b (webtiles) character file.

Game seed: 15419284166664980624

17 kae the Caller (level 2, -3/21 HPs)
             Began as a Merfolk Summoner on Nov 4, 2021.
             Slain by a hobgoblin (5 damage)
             ... on level 2 of the Dungeon.
             The game lasted 00:00:56 (1843 turns).

kae the Caller (Merfolk Summoner)                   Turns: 1843, Time: 00:00:57

Health: -3/21      AC:  3    Str:  8    XL:     2   Next: 62%
Magic:  3/5        EV: 12    Int: 14    God:
Gold:   37         SH:  0    Dex: 14    Spells: 4/5 levels left

rFire   . . .      SeeInvis .   e - +0 short sword
rCold   . . .      Faith    .   (no shield)
rNeg    . . .      Spirit   .   a - +0 robe
rPois   .          Reflect  .   (no helmet)
rElec   .          Harm     .   c - +0 cloak
rCorr   .          Rampage  .   (no gloves)
Will    .....                   (no boots)
Stlth   ++........              (no amulet)
HPRegen 0.07/turn               (no ring)
MPRegen 0.09/turn               (no ring)

@: no status effects
A: (nimble swimmer 2), mertail
a: no special abilities


You were on level 2 of the Dungeon.
You visited 1 branch of the dungeon, and saw 2 of its levels.

You collected 37 gold pieces.

Inventory:

Hand Weapons
 e - a +0 short sword (weapon)
Armour
 a - a +0 robe (worn)
 c - a +0 cloak (worn)
Potions
 d - a potion of brilliance


   Skills:
 + Level 1.0 Fighting
 - Level 2.6 Dodging
 - Level 2.1 Stealth
 + Level 2.2 Spellcasting
 * Level 4.3 Summonings


You had 4 spell levels left.
You knew the following spells:

 Your Spells              Type           Power      Damage    Failure   Level
a - Summon Small Mammal   Summ           52%        N/A       3%          1

Your spell library contained the following spells:

 Spells                   Type           Power      Damage    Failure   Level
 Call Imp                 Summ           13%        N/A       6%          2
 Call Canine Familiar     Summ           13%        N/A       12%         3
 Summon Guardian Golem    Hex/Summ       7%         N/A       28%         3
 Summon Lightning Spire   Summ/Air       7%         N/A       67%         4


Dungeon Overview and Level Annotations

Branches:
Dungeon (2/15)

Altars:

Shops:
D:1 [


Innate Abilities, Weirdness & Mutations

((You are quick and stealthy near water. (Stealth+, EV+, Speed+++)))
Your lower body shifts to a powerful aquatic tail in water.


Message History

As you read the scroll labelled FOR DELEKYXT, it crumbles to dust.
It is a scroll of identify.
d - a potion of brilliance
Found a stone staircase leading up.
You now have 37 gold pieces (gained 9).
Found a stone staircase leading up.
A hobgoblin comes into view. It is wielding a +0 dagger.
A hobgoblin is nearby!
A hobgoblin is nearby!
A hobgoblin is nearby!
The hobgoblin shouts!
You hear an angry hiss.
An adder comes into view.
Casting: Summon Small Mammal (safe; 3% risk of failure)
Confirm with . or Enter, or press ? or * to list all spells.
You closely miss the hobgoblin.
The hobgoblin hits you with a +0 dagger.
The adder bites you.
You are poisoned.
The adder poisons you!
Your rat bites the hobgoblin.
There are monsters nearby!
You hit the hobgoblin but do no damage.
The hobgoblin is lightly wounded.
You feel sick. The adder barely misses you.
The hobgoblin hits you with a +0 dagger.
Your rat bites the hobgoblin but does no damage.
You are too injured to fight recklessly!
You are too injured to fight recklessly!
You are too injured to fight recklessly!
You are too injured to fight recklessly!
You are too injured to fight recklessly!
Casting: Summon Small Mammal (safe; 3% risk of failure)
Confirm with . or Enter, or press ? or * to list all spells.
You feel sick. The adder barely misses you.
The hobgoblin hits you with a +0 dagger.
Your rat bites the hobgoblin.
The adder bites you.
* * * LOW HITPOINT WARNING * * *
You feel sick.
You are no longer poisoned.
The hobgoblin hits you with a +0 dagger.
You die...

......+......##
......#.........
.....#..........
#...............
#...............
#...............
#.gS..........
####.r@b.........
................###
#...<.............
#...........#.#.###
.........###.#......
.......#............
....................
......#####........
#.
....######........


You could see an adder (ally target), a hobgoblin (ally target), a friendly bat
(summoned) and a friendly rat (summoned).

Vanquished Creatures
  A dart slug (D:1)
  A hobgoblin (D:1)
  A goblin (D:1)
3 creatures vanquished.

Vanquished Creatures (collateral kills)
  A dart slug (D:1)
  A ball python (D:1)
  An endoplasm (D:1)
  A giant cockroach (D:1)
  A goblin (D:1)
  2 kobolds (D:1)
  A quokka (D:1)
  A rat (D:1)
9 creatures vanquished.

Grand Total: 12 creatures vanquished

Notes
Turn   | Place    | Note
-------+----------+-------------------------------------------
     0 | D:1      | kae the Merfolk Summoner began the quest for the Orb.
     0 | D:1      | Reached XP level 1. HP: 13/13 MP: 3/3
   392 | D:1      | Reached XP level 2. HP: 15/20 MP: 5/5
   878 | D:1      | Found a faded altar of an unknown god.
  1243 | D:1      | Reached skill level 1 in Fighting
  1407 | D:1      | Found Lefe's Armour Boutique.
  1843 | D:2      | Slain by a hobgoblin

Illustrated notes

Levels and vault maps discovered:
D:1:      sevenhm_arrival_forest_fort_large_2, layout_loops_ring,
          ebering_ecumenical_altar_mist, serial_shops, nicolae_square_shop
D:2:      layout_basic, minmay_misc_feat_plants, kennysheep_nondescript,
          minmay_3d_cube

Skill      XL: |  1  2 |
---------------+-------+-----
Fighting       | 1 |  1.0
Dodging        | |  2.6
Stealth        | |  2.1
Spellcasting   | |  2.2
Summonings     | |  4.3

Action                   || total
-------------------------++-------
Melee: Unarmed           ||    79
       Short sword       ||     2
 Cast: Summon Small Mamm ||    19
  Use: Scroll            ||     1
Armor: Robe              ||    10
Dodge: Dodged            ||    63

Table legend: (Time is in decaauts)
 A = Elapsed time spent in this place.
 B = Non-inter-level travel time spent in this place.
 C = Inter-level travel time spent in this place.
 D = Time resting spent in this place.
 E = Time spent auto-exploring this place.
 F = Levels seen in this place.
 G = Mean time per level.
                   A        B        C        D        E       F      G
               +--------+--------+--------+--------+--------+-----+--------+
         Total |   1842 |   1766 |     76 |    417 |   1112 |   2 |  921.0 |
       Dungeon |   1842 |   1766 |     76 |    417 |   1112 |   2 |  921.0 |
               +--------+--------+--------+--------+--------+-----+--------+

Top non-repeatable levels by time:
     D:1: 1810 daAuts
     D:2: 31 daAuts
